Map: Thunderbird LE

Players

ShoWTimE - Winner!

  • Race: Protoss Protoss
  • League: Grandmaster
  • Spawn Location: 11:00

llllllllllll (Stats)

  • Race: Protoss Protoss
  • League: Master
  • Spawn Location: 5:00

Event: 2019 Assembly Summer

VOD

Have the link to the VOD?

Description

Time

  • Played on: Aug. 1, 2019, 11:50 a.m.
  • Length: 14:34

All games in this series

Show
View Real Time Build Order
Export as new Build Order

ShoWTimE Protoss - Winner!

Build Orders: Oracle Opening, Zealot Archon 

Get SALT Encoding   

  12  0:00  Probe  
  13  0:12  Probe  
  14  0:17  Pylon  
  14  0:23  Probe  
  15  0:31  Probe  
  15  0:36  Gateway  
  15  0:40  Probe  
  16  0:45  Assimilator  
  17  0:51  Probe  
  17  0:54  Assimilator  
  18  0:59  Probe  
  19  1:07  Probe  
  19  1:10  Gateway  
  19  1:17  Probe  
  20  1:23  Cybernetics Core  
  21  1:29  Probe  
  22  1:34  Pylon  
  22  1:41  Probe  
  24  1:59  Stargate  
  24  2:02  Adept x2  
  24  2:06  Probe  
  28  2:08  Warp Gate  
  28  2:16  Pylon  
  28  2:33  Oracle  
  30  2:54  Nexus  
  30  3:00  Oracle, Probe  
  34  3:14  Probe  
  34  3:19  Pylon  
  35  3:26  Probe  
  36  3:29  Robotics Facility  
  36  3:38  Probe  
  37  3:48  Shield Battery  
  37  3:50  Probe  
  39  4:02  Probe  
  39  4:03  Probe  
  39  4:05  Stalker x2  
  44  4:10  Immortal  
  44  4:12  Probe  
  46  4:22  Probe  
  46  4:23  Probe  
  50  4:30  Sentry  
  53  4:35  Probe x2  
  51  4:46  Forge  
  51  4:47  Probe  
  51  4:48  Probe  
  51  4:50  Observer  
  54  4:55  Sentry  
  54  4:57  Pylon  
  54  4:59  Probe  
  57  5:00  Probe  
  57  5:05  Immortal  
  58  5:09  Assimilator  
  58  5:11  Probe, Assimilator  
  58  5:12  Probe  
  64  5:23  Protoss Ground Weapons Level 1, Probe, Pylon  
  64  5:24  Probe  
  66  5:35  Probe  
  67  5:36  Probe, Pylon  
  68  5:48  Photon Cannon  
  68  5:49  Twilight Council  
  68  5:52  Photon Cannon  
  68  5:54  Shield Battery  
  68  5:57  Stalker  
  68  6:00  Stalker  
  72  6:06  Pylon  
  72  6:16  Probe  
  72  6:17  Gateway  
  73  6:26  Pylon  
  73  6:27  Charge  
  73  6:32  Templar Archives  
  73  6:35  Nexus  
  73  6:43  Gateway  
  73  6:55  Gateway  
  73  6:57  Gateway, Pylon  
  73  7:00  Gateway  
  73  7:01  Protoss Ground Weapons Level 2  
  73  7:02  Gateway  
  73  7:11  High Templar x3  
  73  7:15  Probe x2  
  79  7:24  Archon  
  79  7:27  Probe x2  
  79  7:29  Shield Battery  
  81  7:33  Shield Battery  
  81  7:37  High Templar  
  81  7:39  Probe  
  81  7:40  Probe  
  81  7:41  Pylon  
  85  7:49  Zealot x2  
  85  7:51  Probe x2  
  90  7:52  Probe  
  90  7:56  Zealot x2, Archon  
  96  8:00  Pylon  
  96  8:04  Probe  
  98  8:05  Probe  
  98  8:06  Pylon  
  98  8:09  High Templar x2  
  102  8:14  Warp Prism, Archon  
  104  8:20  Probe x3  
  104  8:22  Assimilator  
  104  8:26  Photon Cannon, Assimilator  
  107  8:32  Probe x3  
  110  8:44  Probe x3, Pylon  
  110  8:46  Shield Battery  
  113  8:50  Robotics Bay  
  113  8:52  Robotics Facility  
  113  8:56  High Templar, Probe  
  113  8:57  High Templar, Zealot x2  
  113  8:59  Probe  
  121  9:03  Archon  
  121  9:06  Zealot x3  
  121  9:07  Protoss Ground Weapons Level 3  
  127  9:19  Pylon  
  127  9:21  Stargate, Colossus  
  127  9:24  Observer  
  127  9:28  Nexus  
  133  9:43  Colossus  
  139  9:51  Extended Thermal Lance  
  139  10:01  Photon Cannon  
  139  10:02  Pylon  
  139  10:05  Pylon  
  139  10:08  Zealot x3  
  139  10:09  Phoenix  
  139  10:12  Colossus  
  153  10:26  Phoenix  
  153  10:28  Probe x3  
  156  10:31  Shield Battery  
  158  10:37  Colossus  
  158  10:40  Probe  
  163  10:43  Stargate  
  163  10:44  Probe x3  
  163  10:45  Phoenix  
  168  10:57  Assimilator  
  168  11:01  Photon Cannon  
  168  11:03  Colossus  
  168  11:04  Zealot x4, Assimilator  
  168  11:10  Phoenix  
  184  11:23  Zealot x2  
  188  11:25  Pylon  
  188  11:27  Pylon  
  188  11:28  Pylon  
  188  11:40  Phoenix  
  188  11:41  Pylon  
  188  11:43  Disruptor, Phoenix  
  188  11:46  Zealot x3  
  197  11:58  Observer  
  180  12:02  Zealot x4  
  180  12:05  Zealot  
  180  12:07  Zealot x3  
  154  12:16  Phoenix x2  
  158  12:27  High Templar x7  
  158  12:29  High Templar  
  162  12:32  Archon x3  
  162  12:33  Archon  
  159  12:41  Phoenix x2  
  143  13:02  Zealot x8  
  143  13:04  Colossus  
  145  13:06  Warp Prism, Phoenix x2  
  149  13:14  Shield Battery  
  149  13:16  Pylon  
  157  13:20  Zealot x3  
  163  13:31  Phoenix x2  
  167  13:35  Nexus  
  167  13:41  High Templar x3  
  167  13:42  Zealot x2  
  167  13:46  Archon  
  167  13:47  High Templar  
  167  13:48  Zealot x2  
  183  13:50  Observer  
  183  13:53  Archon  
  184  13:56  Phoenix  
  186  14:03  Phoenix  
  186  14:05  Zealot x2  
  186  14:09  Zealot x2  
  196  14:14  Zealot x2  
  200  14:20  Zealot x2  
  180  14:27  Zealot x2  
Show
View Real Time Build Order
Export as new Build Order

llllllllllll Protoss 

Build Orders: Phoenix Opening 

Get SALT Encoding   

  12  0:00  Probe  
  13  0:12  Probe  
  14  0:17  Pylon  
  14  0:24  Probe  
  15  0:32  Probe  
  15  0:36  Gateway  
  15  0:40  Probe  
  16  0:45  Assimilator  
  17  0:51  Probe  
  17  0:53  Assimilator  
  18  1:00  Probe  
  19  1:07  Gateway  
  19  1:08  Probe  
  19  1:17  Probe  
  20  1:23  Cybernetics Core  
  21  1:29  Probe  
  21  1:32  Pylon  
  22  1:41  Probe  
  23  1:50  Warp Gate  
  23  1:53  Probe  
  24  1:59  Sentry, Stalker  
  28  2:12  Pylon  
  28  2:26  Stalker  
  30  2:30  Stalker  
  31  2:38  Phoenix  
  31  2:41  Shield Battery  
  31  2:43  Gateway  
  31  2:44  Probe  
  32  3:01  Probe  
  32  3:09  Nexus  
  32  3:18  Probe  
  33  3:33  Probe, Robotics Facility  
  33  3:40  Sentry x2  
  37  3:45  Probe, Pylon  
  38  3:57  Probe  
  39  4:06  Stargate  
  39  4:09  Probe  
  40  4:16  Stalker x2  
  44  4:18  Probe  
  44  4:20  Probe  
  44  4:23  Stalker  
  48  4:26  Probe  
  48  4:28  Probe  
  49  4:32  Phoenix  
  48  4:39  Probe  
  48  4:41  Probe  
  49  4:46  Observer, Phoenix  
  50  4:55  Probe x2  
  53  5:07  Probe x2  
  53  5:09  Phoenix  
  53  5:11  Forge  
  57  5:16  Pylon  
  57  5:19  Probe  
  57  5:20  Probe  
  59  5:24  Assimilator  
  59  5:26  Assimilator  
  59  5:28  Probe x2  
  61  5:36  Probe x2  
  61  5:37  Pylon  
  61  5:42  Pylon  
  63  5:46  Probe x2  
  65  5:52  Phoenix  
  67  5:57  Zealot  
  67  5:58  Probe x2  
  67  6:00  Pylon  
  71  6:07  Protoss Ground Weapons Level 1  
  71  6:14  Twilight Council  
  71  6:21  Probe  
  71  6:25  Gateway  
  72  6:28  Gateway  
  72  6:35  Gateway x2  
  72  6:38  Phoenix  
  72  6:42  Immortal  
  76  6:52  Charge  
  76  6:58  Gateway  
  76  6:59  Templar Archives  
  76  7:08  Probe  
  77  7:24  Nexus  
  77  7:26  Pylon  
  77  7:28  Probe x2  
  79  7:38  Pylon  
  79  7:42  Probe  
  79  7:43  Probe  
  81  7:47  Pylon  
  81  7:58  High Templar x4  
  83  7:59  High Templar x2, Zealot x2  
  83  8:00  Probe x2  
  83  8:02  Protoss Ground Weapons Level 2  
  83  8:03  Archon x2  
  99  8:12  Probe x2  
  101  8:16  Phoenix  
  101  8:17  Phoenix  
  101  8:18  Archon  
  101  8:19  Pylon  
  100  8:24  Zealot x2  
  104  8:38  Probe x3, Assimilator  
  107  8:43  Assimilator  
  107  8:44  Immortal  
  111  8:49  Photon Cannon  
  111  8:50  High Templar x2  
  111  8:54  Pylon  
  111  8:55  Probe x3  
  118  8:56  Zealot x3  
  118  8:58  Archon  
  124  9:07  Probe  
  124  9:08  Probe  
  126  9:13  Gateway  
  126  9:14  Gateway  
  126  9:20  Nexus  
  126  9:21  High Templar x2, Pylon  
  130  9:32  Immortal  
  134  9:38  Pylon  
  134  9:43  Probe x3  
  137  9:48  Gateway x2  
  137  9:49  Pylon  
  137  9:58  Robotics Bay, Robotics Facility  
  137  10:03  Probe x3  
  137  10:06  Phoenix x2  
  140  10:08  Protoss Ground Weapons Level 3, Archon  
  140  10:10  Fleet Beacon  
  140  10:12  Immortal  
  144  10:17  Probe x3  
  143  10:37  High Templar x2  
  143  10:38  Disruptor  
  143  10:39  Photon Cannon, Assimilator  
  143  10:40  Disruptor  
  143  10:41  Assimilator  
  147  10:43  Probe x2  
  147  10:44  Probe x2  
  147  10:46  Observer  
  154  10:55  Observer  
  157  11:01  Probe x4  
  157  11:03  Archon  
  161  11:05  Disruptor  
  161  11:06  Disruptor  
  161  11:16  Gateway  
  161  11:17  Phoenix  
  169  11:19  Gateway  
  169  11:21  Gateway  
  169  11:25  Gateway  
  169  11:30  Photon Cannon  
  169  11:31  Photon Cannon, Protoss Air Weapons Level 1  
  169  11:45  Warp Prism, Disruptor  
  174  11:49  High Templar x4  
  174  11:50  Zealot x3  
  174  11:53  Archon  
  184  11:54  Archon  
  164  12:05  Zealot  
  164  12:06  Zealot x4  
  144  12:12  Zealot x3  
  144  12:13  Probe  
  144  12:14  Probe x3  
  144  12:21  Disruptor x2  
  144  12:26  Probe x4  
  148  12:31  High Templar x2  
  148  12:32  High Templar x2, Zealot x6  
  148  12:33  Zealot x2  
  148  12:37  Archon x2  
  172  12:43  Photon Cannon  
  172  12:45  Probe x3  
  172  12:46  Probe, Pylon  
  172  12:50  Disruptor  
  176  12:52  Pylon  
  176  12:55  Zealot x3  
  156  13:04  Observer  
  131  13:06  Zealot x4  
  140  13:16  Nexus  
  140  13:18  Phoenix  
  142  13:31  High Templar x2, Disruptor  
  142  13:32  Zealot x3, Disruptor  
  160  13:37  Zealot x2  
  160  13:38  Archon  
  160  13:40  Phoenix  
  170  13:55  Pylon  
  170  14:05  Phoenix  
  179  14:23  Zealot x4  
  179  14:24  Zealot x5  
Tags
 
Add a new tag
Caveats
  • Supply blocks, unpowered buildings, or Contaminate may cause inaccurate times.
  • Supply counts are checked every 10 seconds.